 Dungeon Crawl Stone Soup version 0.31.0-11-ge490571c62 (webtiles) character file.

Game seed: 4901866183846136300

42 qw the Shooter (level 3, 0/18 HPs)
             Began as a Spriggan Hunter on Feb 5, 2024.
             Succumbed to their own poison gas
             ... on level 1 of the Dungeon.
             The game lasted 00:00:39 (907 turns).

qw the Shooter (Spriggan Hunter)                     Turns: 907, Time: 00:00:40

Health: 0/18       AC:  6    Str:  7    XL:     3   Next: 33%
Magic:  4/4        EV: 19    Int: 10    God:
Gold:   78         SH:  0    Dex: 20    Spells: 2/2 levels left

rFire   . . .        a - +0 shortbow
rCold   . . .        (shield currently unavailable)
rNeg    . . .        c - +0 robe
rPois   .            (helmet restricted)
rElec   .            (no cloak)
rCorr   .            (gloves unavailable)
SInv    +            (boots unavailable)
Will    .....        (no amulet)
Stlth   ++           d - +4 ring of protection
HPRegen 0.23/turn    (no ring)
MPRegen 0.09/turn

%: no passive effects
@: lethally poisoned (0 -> -7), very quick
A: very small, no large weapons, unfitting armour, see invisible, speed 3
a: no special abilities


You were on level 1 of the Dungeon.
You visited 1 branch of the dungeon, and saw 2 of its levels.

You collected 78 gold pieces.


Innate Abilities, Weirdness & Mutations

You are very small and have problems with some larger weapons.
You are too small for most types of armour.
You have supernaturally acute eyesight. (SInv)
You cover ground extremely quickly. (Speed+++)


   Skills:
 - Level 1.5 Fighting
 + Level 4.6 Ranged Weapons
 - Level 4.0 Dodging
 - Level 1.5 Stealth


You had 2 spell levels left.
You didn't know any spells.
Your spell library was empty.

Inventory:

Hand Weapons
 a - a +0 shortbow (weapon)
Armour
 c - a +0 robe (worn)
Jewellery
 d - a +4 ring of protection (left hand)
Potions
 b - a potion of mutation {unknown}

Dungeon Overview and Level Annotations

Branches:
Dungeon (2/15)

Altars:


Message History

Beogh smites you!
Ouch! That really hurt!
828 ||| FLEEEEING.
829 ||| FLEEEEING.
830 ||| FLEEEEING.
831 ||| FLEEEEING.
832 ||| FLEEEEING.
You start resting.
A gnoll is nearby!
835 ||| FLEEEEING.
836 ||| FLEEEEING.
There is a stone staircase leading up here.
837 ||| STAIRDANCE You climb upwards.
There is a stone staircase leading down here.
You start resting.
HP restored.
900 ||| UPGRADING to +4 ring of protection.
d - a +4 ring of protection (left hand)
901 ||| READING scroll labelled EKILOS XIU.
The air fills with toxic fumes!
As you read the scroll labelled EKILOS XIU, it crumbles to dust.
It was a scroll of poison.
Enter note:
Enter note:
Enter note: You are engulfed in poison gas.
You are lethally poisoned!
You feel very sick.
903 ||| Stepping ~*~*~tactically~*~*~ (cloud).
You feel very sick.
There is a stone staircase leading down here.
There is a lethal amount of poison in your body!
You feel very sick.
There is a lethal amount of poison in your body!
You feel very sick.
There is a lethal amount of poison in your body!
You feel sick.
There is a lethal amount of poison in your body!
You die...

#.#...%................####...
#.#.#.####....#####..#.# #.#)
#.....# ##.#¤# #..#.# #...
###.### #.#¤### #..#.# ####
#.# #.¤¤¤.# #..#.####### #.#
###¤#.# #..#........ #.# #¤#.#
#..........# #.# #¤#.#
#..~~~~~~~.# #.## #@#.#
#..~.¤...~.# #..# ###0#.#
#..~........ #..#
#.¤0¤.####.¤...~~~~~ #..#
#¤#¤###....¤...¤<..~ #..#
#¤#¤# #.##.~.....~.~ #..#
#.#¤###.##¤¤.¤~~~¤.~ #..#
#.¤¤¤##.##¤¤.~.....~
#..######.0¤¤.#...¤~..>~...~
#.....%.........##.~~~~~...~


There were no monsters in sight!

Vanquished Creatures
  A dart slug (D:1)
  4 orcs (D:2)
  4 endoplasms
  A giant cockroach (D:1)
  3 goblins (D:1)
  4 hobgoblins
  5 kobolds (D:1)
  3 ball pythons
  A bat (D:1)
  3 frilled lizards
  5 rats
34 creatures vanquished.

Notes
Turn   | Place    | Note
-------+----------+-------------------------------------------
     0 | D:1      | qw the Spriggan Hunter began the quest for the Orb.
     0 | D:1      | Reached XP level 1. HP: 10/10 MP: 2/2
     0 | D:1      | 0 ||| qw: Version: 0.3-a-160-g6735b56
     0 | D:1      | 0 ||| qw: Game counter: 6344
     0 | D:1      | 0 ||| qw: Melee chars always use a shield: true
     0 | D:1      | 0 ||| qw: God list: Okawaru
     0 | D:1      | 0 ||| qw: Allow faded altars: false
     0 | D:1      | 0 ||| qw: Do Orc after clearing Dungeon:15 true
     0 | D:1      | 0 ||| qw: Do second Lair branch before Depths: true
     0 | D:1      | 0 ||| qw: Lair rune preference: random
     0 | D:1      | 0 ||| qw: Goals: Normal
     0 | D:1      | 0 ||| PLANNING D:1-11
    64 | D:1      | Reached skill level 3 in Dodging
   125 | D:1      | Found a faded altar of an unknown god.
   150 | D:1      | Reached XP level 2. HP: 14/14 MP: 3/3
   614 | D:1      | 614 ||| READING scroll labelled XITAXZ YCLEE.
   615 | D:1      | 615 ||| DROPPING scroll of butterflies.
   693 | D:2      | Reached XP level 3. HP: 18/18 MP: 4/4
   827 | D:2      | HP: 2/18 [orc priest/divine providence (16)]
   828 | D:2      | 828 ||| FLEEEEING.
   829 | D:2      | 829 ||| FLEEEEING.
   830 | D:2      | 830 ||| FLEEEEING.
   831 | D:2      | 831 ||| FLEEEEING.
   832 | D:2      | 832 ||| FLEEEEING.
   835 | D:2      | 835 ||| FLEEEEING.
   836 | D:2      | 836 ||| FLEEEEING.
   837 | D:2      | 837 ||| STAIRDANCE
   900 | D:1      | 900 ||| UPGRADING to +4 ring of protection.
   901 | D:1      | 901 ||| READING scroll labelled EKILOS XIU.
   903 | D:1      | 903 ||| Stepping ~*~*~tactically~*~*~ (cloud).
   905 | D:1      | HP: 4/18 [poisoned by you (poison gas)]
   907 | D:1      | Succumbed to their own poison gas

Levels and vault maps discovered:
D:1:      ebering_trefoil_twist, layout_loops_ring,
          hellmonk_ecumenical_altar_zigzags, chequers_serial_rivers_micro_b
D:2:      layout_rooms

Skill      XL: |  1  2 |
---------------+-------+-----
Dodging        | 3 4 |  4.0
Fighting       | |  1.5
Ranged Weapons | |  4.6
Stealth        | |  1.5

Action                     || total
---------------------------++-------
   Fire: Shortbow          ||   112
    Use: Scroll            ||     2
 Armour: Robe              ||    14
  Dodge: Dodged            ||    41

Table legend:
 A = Non-vault XP
 B = Vault XP
 C = Vault XP percentage of total XP
 D = Non-vault monster count
 E = Vault monster count
 F = Vault count percentage of total count
                 A         B        C        D         E       F
            +---------+---------+-------+---------+---------+-------
      Total |      60 |       0 |   0.0 |      34 |       0 |   0.0
            +---------+---------+-------+---------+---------+-------
        D:1 |      35 |       0 |   0.0 |      22 |       0 |   0.0
        D:2 |      25 |       0 |   0.0 |      12 |       0 |   0.0
            +---------+---------+-------+---------+---------+-------
